 Dungeon Crawl Stone Soup version 0.18-a0-1413-g4eaa9ac (webtiles) character file.

22 M4edhros the Ducker (level 2, 0/18 HPs)
             Began as an Octopode Artificer on Feb 25, 2016.
             Slain by a jackal (2 damage)
             ... on level 1 of the Dungeon.
             The game lasted 00:01:05 (327 turns).

M4edhros the Ducker (Octopode Artificer)             Turns: 327, Time: 00:01:05

Health: 0/18       AC:  1    Str: 10    XL:     2   Next: 91%
Magic:  4/4        EV: 13    Int: 14    God:
Gold:   4          SH:  0    Dex: 12    Spells: 0 memorised, 1 level left

rFire  . . .     SeeInvis .     (no weapon)
rCold  . . .     Gourm    .     (no shield)
rNeg   . . .     Faith    .     (helmet restricted)
rPois  .         Spirit   .     (no amulet)
rElec  .         Dismiss  .     (no ring)
rCorr  .         Reflect  .     (no ring)
SustAt .         Harm     .     (no ring)
MR     .....                    (no ring)
Stlth  +++.......               (no ring)
                                (no ring)
                                (no ring)
                                (no ring)

@: not resistant to hostile enchantments, fairly stealthy
A: almost no armour, amphibious, 8 rings, constrict 8, camouflage 1, gelatinous
body 1
a: no special abilities


You were on level 1 of the Dungeon.
You were not hungry.

You visited 1 branch of the dungeon, and saw 1 of its levels.

You collected 4 gold pieces.

Inventory:

Wands
 b - a wand of flame (7/48)
 c - a wand of enslavement (9/24)
 d - a wand of random effects (14/48)
Scrolls
 a - a scroll of noise {unknown}
Comestibles
 f - a bread ration


   Skills:
 - Level 1.0 Fighting
   Level 1.0 Short Blades
 + Level 3.3 Dodging
 - Level 1.3 Stealth
 - Level 3.2 Evocations


You had one spell level left.
You didn't know any spells.

Dungeon Overview and Level Annotations

Branches:
Dungeon (1/15)

Altars:


Innate Abilities, Weirdness & Mutations

You cannot wear most types of armour.
You are amphibious.
You can wear up to eight rings at the same time.
You can use your tentacles to constrict eight enemies at once.
Your skin changes colour to match your surroundings (Stealth).
Your rubbery body absorbs attacks (AC +1).


Message History

Zapping:
b - a wand of flame (9/48)
Press: ? - help, Shift-Dir - straight line, p - jackal The puff of flame hits the jackal.
The jackal is severely wounded.
This wand has 8 charges left.
The jackal misses you.
Evoke which item? (* to show all) (? for menu, Esc to quit)
Zapping:
b - a wand of flame (8/48)
Press: ? - help, Shift-Dir - straight line The puff of flame hits the jackal.
You kill the jackal!
This wand has 7 charges left.
You tentacle-slap the hobgoblin but do no damage.
You grab the hobgoblin.
The hobgoblin is severely wounded.
You constrict the hobgoblin.
You kill the hobgoblin!
The jackal bites you.
* * * LOW HITPOINT WARNING * * *
The jackal bites you.
You die...

##.......##......# #.##.#
###...(.###...÷..# #>##.#
.###...###.......# #.##.#
..'##.####.#.##(.###.##.#####
.##.#'#....#.##.............#
####.##..........#..........#
# ####......................#
###.........................#
.######..#......@).........>#
.# #..)÷..###.h.......####
.## ##...†...#.#......## ..##
##...##...#......#
#..#######.†##...#......#
##..........###....#.#..##
#########...###..#h.....#
........##†.###.##
...###.)##..###..##


You could see a jackal.

Vanquished Creatures
  A dart slug (D:1)
  2 giant geckos (D:1)
  A goblin (D:1)
  2 hobgoblins (D:1)
  2 jackals (D:1)
  3 bats (D:1)
  2 kobolds (D:1)
  A rat (D:1)
14 creatures vanquished.

Vanquished Creatures (collateral kills)
  A giant gecko (D:1)
  A giant newt (D:1)
  2 rats (D:1)
4 creatures vanquished.

Vanquished Creatures (others)
  A hobgoblin (D:1)
  A jackal (D:1)
2 creatures vanquished.

Grand Total: 20 creatures vanquished

Notes
Turn   | Place    | Note
--------------------------------------------------------------
     0 | D:1      | M4edhros the Octopode Artificer began the quest for the Orb.
     0 | D:1      | Reached XP level 1. HP: 13/13 MP: 3/3
    97 | D:1      | Reached XP level 2. HP: 1/18 MP: 4/4
   327 | D:1      | Slain by a jackal

Vault maps used:
D:1:      dpeg_arrival_rhombi, minmay_bisected

Skill      XL: |  1  2 |
---------------+-------+-----
Dodging        | 3 |  3.3
Fighting       | |  1.0
Short Blades   | |  1.0
Stealth        | |  1.3
Evocations     | |  3.2

Action                   || total
-------------------------++-------
Melee: Unarmed           ||    28
Evoke: Wand              ||    15
 Stab: Sleeping          ||     2
